 Dungeon Sprint DCSS version 0.19-a0-74-g8fff883 (webtiles) character file.

1254 Kathua the Cruncher (level 8, 0/64 HPs)
             Began as a Demonspawn Gladiator on May 10, 2016.
             Was a Priest of Pakellas.
             Splashed by a brown ugly thing's acid (7 damage)
             ... in the Dungeon (Sprint IX: "|||||||||||||||||||||||||||||").
             The game lasted 00:01:28 (585 turns).

Kathua the Cruncher (Demonspawn Gladiator)           Turns: 585, Time: 00:01:29

Health: 0/64       AC:  8    Str: 16    XL:     8   Next: 26%
Magic:  0/13       EV: 15    Int:  8    God:    Pakellas [***...]
Gold:   0          SH:  0    Dex: 17    Spells: 0 memorised, 7 levels left

rFire  . . .     SeeInvis .     p - +4 quarterstaff of Kismet {freeze, rElec rC+ Int-2 Dex+2}
rCold  + . .     Gourm    .     s - +1 chain mail
rNeg   . . .     Faith    .     (shield currently unavailable)
rPois  .         Spirit   +     q - +0 helmet
rElec  +         Dismiss  .     r - +0 cloak
rCorr  .         Reflect  .     (no gloves)
SustAt .         Harm     .     (no boots)
MR     .....     NoTele   +     (no amulet)
Stlth  ..........               u - +2 ring of evasion
                                t - +2 ring of evasion

@: corroded, not resistant to hostile enchantments, extremely unstealthy
A: claws 2, spiny 1, magic shield
a: Quick Charge, Device Surge, Renounce Religion


You were in the Dungeon.
You worshipped Pakellas.
Pakellas was most pleased with you.
You were not hungry.

You visited 1 branch

Inventory:

Hand Weapons
 p - the +4 quarterstaff of Kismet (weapon) {freeze, rElec rC+ Int-2 Dex+2}
   (You found it in the Dungeon)

   It has been specially enchanted to freeze those struck by it, causing extra
   injury to most foes and up to half again as much damage against particularly
   susceptible opponents.
   It can also slow down cold-blooded creatures.
   It affects your intelligence (-2).
   It affects your dexterity (+2).
   It protects you from cold.
   It insulates you from electricity.
Missiles
 d - 3 throwing nets (quivered)
Armour
 q - a +0 helmet (worn)
 r - a +0 cloak (worn)
 s - a +1 chain mail (worn)
Jewellery
 t - a +2 ring of evasion (left claw)
 u - a +2 ring of evasion (right claw)
Wands
 a - a wand of random effects (30/48)
 o - a wand of iceblast (6/15)
Scrolls
 k - 2 scrolls of blinking
 m - 3 scrolls of remove curse
 n - 2 scrolls of amnesia
Potions
 e - 5 potions of curing
 g - 2 potions of heal wounds
 h - a potion of haste
 i - 4 potions of magic
 l - a potion of invisibility
Miscellaneous
 b - a sack of spiders
Comestibles
 f - a bread ration


   Skills:
 + Level 6.1 Fighting
 + Level 10.9 Staves
 - Level 2.0 Throwing
 + Level 3.6 Armour
 + Level 9.6 Dodging
 * Level 6.9 Evocations


You had 7 spell levels left.
You didn't know any spells.

Dungeon Overview and Level Annotations

Branches:
Dungeon (1/1)

Altars:
Cheibriados
Dithmenos
Elyvilon
Fedhas
Gozag
Kikubaaqudgha
Makhleb
Nemelex Xobeh
Okawaru
Pakellas
Qazlal
Ru
Sif Muna
Trog
Vehumet
Xom
Yredelemnul
Zin
The Shining One
Beogh
Jiyva
Lugonu


Innate Abilities, Weirdness & Mutations

You have very sharp fingernails.
You are partially covered in sharp spines.
When hurt, damage is shared between your health and your magic reserves.


Message History

The brown ugly thing tentacle-slaps you!
You are splashed with acid!
The acid burns!
* * * LOW HITPOINT WARNING * * *
You completely miss the brown ugly thing.
The brown ugly thing is lightly wounded.
You thump the brown ugly thing! You freeze the brown ugly thing.
The brown ugly thing is moderately wounded.
The brown ugly thing is struck by your spines.
The brown ugly thing tentacle-slaps you but does no damage.
Evoke which item? (* to show all) (? for menu, Esc to quit)
Zapping:
a - a wand of random effects (31/48)
Press: ? - help, Shift-Dir - straight line, f - brown ugly thing
Aim: a brown ugly thing (moderately wounded)
The brown ugly thing seems to speed up.
This wand has 30 charges left.
The brown ugly thing is struck by your spines.
The brown ugly thing tentacle-slaps you.
* * * LOW HITPOINT WARNING * * *
You are splashed with acid!
The acid corrodes you!
The acid burns!
You die...
Pakellas says: Time to start the next experiment...

▓(▓
▓)▓
▓.▓
▓.▓
▓.▓
▓.▓
▓.▓
▓.▓
▓@▓
▓u▓
▓s▓
▓y▓
▓.▓
▓.▓
▓.▓
▓+▓


You could see a brown ugly thing, a scorpion and a killer bee.

Vanquished Creatures
  A hill giant (D)
  A cyclops (D)
  A centaur (D)
  An ogre (D)
  A killer bee (D)
  A howler monkey (D)
  A crimson imp (D)
  3 worker ants (D)
  An adder (D)
  A shadow imp (D)
  2 orcs (D)
  A giant cockroach (D)
  A goblin (D)
  A hobgoblin (D)
  A kobold (D)
  A bat (D)
19 creatures vanquished.

Notes
Turn   | Place    | Note
--------------------------------------------------------------
     0 | D        | Kathua the Demonspawn Gladiator began the quest for the Orb.
     0 | D        | Reached XP level 1. HP: 16/16 MP: 1/1
     7 | D        | Reached skill level 3 in Staves
   124 | D        | Noticed a worker ant
   124 | D        | Noticed a howler monkey
   124 | D        | Noticed an ogre
   129 | D        | Reached skill level 4 in Staves
   129 | D        | Gained mutation: You have sharp fingernails. [demonic ancestry]
   129 | D        | Reached XP level 2. HP: 20/23 MP: 2/2
   131 | D        | Reached skill level 5 in Staves
   131 | D        | Gained mutation: When hurt, damage is shared between your health and your magic reserves. [demonic ancestry]
   131 | D        | Reached XP level 3. HP: 24/28 MP: 3/3
   136 | D        | Reached skill level 6 in Staves
   136 | D        | Reached skill level 5 in Dodging
   136 | D        | Gained mutation: You have very sharp fingernails. [demonic ancestry]
   136 | D        | Reached XP level 4. HP: 27/34 MP: 4/4
   141 | D        | Killed an ogre
   141 | D        | Reached skill level 8 in Staves
   141 | D        | Gained mutation: You are partially covered in sharp spines. [demonic ancestry]
   141 | D        | Reached XP level 5. HP: 31/41 MP: 5/5
   178 | D        | Found a glowing silver altar of Zin.
   178 | D        | Found a glowing golden altar of the Shining One.
   178 | D        | Found an ancient bone altar of Kikubaaqudgha.
   178 | D        | Found a basalt altar of Yredelemnul.
   178 | D        | Found a shimmering altar of Xom.
   178 | D        | Found a radiant altar of Vehumet.
   179 | D        | Found an iron altar of Okawaru.
   180 | D        | Found a burning altar of Makhleb.
   181 | D        | Found a deep blue altar of Sif Muna.
   182 | D        | Found a bloodstained altar of Trog.
   183 | D        | Found a sparkling altar of Nemelex Xobeh.
   184 | D        | Found a white marble altar of Elyvilon.
   185 | D        | Found a roughly hewn altar of Beogh.
   186 | D        | Found a viscous altar of Jiyva.
   187 | D        | Found a corrupted altar of Lugonu.
   188 | D        | Found a blossoming altar of Fedhas.
   189 | D        | Found a snail-covered altar of Cheibriados.
   190 | D        | Found a shadowy altar of Dithmenos.
   191 | D        | Found a stormy altar of Qazlal.
   192 | D        | Found an opulent altar of Gozag.
   193 | D        | Found a sacrificial altar of Ru.
   194 | D        | Found an oddly glowing altar of Pakellas.
   205 | D        | Became a worshipper of Pakellas the Inventive
   332 | D        | Got the +4 quarterstaff of Kismet {freeze, rElec rC+ Int-2 Dex+2}
   376 | D        | Noticed a centaur
   376 | D        | Noticed a hill giant
   381 | D        | Reached skill level 1 in Armour
   381 | D        | Reached skill level 1 in Evocations
   382 | D        | Reached * piety under Pakellas
   382 | D        | Received a gift from Pakellas
   394 | D        | Killed a hill giant
   394 | D        | Reached skill level 5 in Fighting
   394 | D        | Reached skill level 10 in Staves
   394 | D        | Reached skill level 5 in Evocations
   394 | D        | Reached XP level 6. HP: 42/51 MP: 0/10
   394 | D        | Reached XP level 7. HP: 46/56 MP: 0/11
   398 | D        | Reached ** piety under Pakellas
   398 | D        | Received a gift from Pakellas
   564 | D        | Noticed a cyclops
   564 | D        | Noticed a brown ugly thing
   575 | D        | Killed a cyclops
   575 | D        | Reached *** piety under Pakellas
   575 | D        | Received a gift from Pakellas
   575 | D        | Reached XP level 8. HP: 33/64 MP: 2/13
   585 | D        | Splashed by a brown ugly thing's acid

Vault maps used:
D:        linesprint

Skill      XL: |  1  2  3  4  5  6  7 |
---------------+----------------------+-----
Staves         | 4 5 6 8 10 | 10.9
Dodging        | 3 4 5 8 9 |  9.6
Throwing       | 2 |  2.0
Fighting       | 3 5 6 |  6.1
Armour         | 2 3 |  3.6
Evocations     | 5 6 |  6.9

Action                   |  1- 3 |  4- 6 |  7- 9 || total
-------------------------+-------+-------+-------++-------
Melee: Quarterstaff      |    24 |    20 |    25 ||    69
Evoke: Wand              |       |     1 |     1 ||     2
  Use: Potion            |     1 |     1 |       ||     2
Armor: Leather armour    |     6 |       |       ||     6
       Chain mail        |       |     3 |     3 ||     6
Dodge: Dodged            |    16 |    12 |     6 ||    34
